 Dungeon Sprint DCSS version 0.31-a0-142-g31f6795574 (webtiles) character file.

Game seed: 2543232308007968151

1200 Conn the Arsonist (level 8, -4/72 HPs)
             Began as an Octopode Fire Elementalist on June 3, 2023.
             Was a Follower of Sif Muna.
             Engulfed by a cloud of flame (30 damage)
             ... in the Dungeon (Sprint II: "The Violet Keep of Menkaure").
             The game lasted 00:07:41 (266 turns).

Conn the Arsonist (Octopode Fire Elementalist)       Turns: 266, Time: 00:07:41

Health: -4/72      AC: 24    Str:  7    XL:     8   Next: 44%
Magic:  14/20      EV:  2    Int: 19    God:    Sif Muna [*.....]
Gold:   117        SH:  0    Dex: 13    Spells: 10/23 levels left

rFire   . . .        e - +0 rapier
rCold   . . .        (no shield)
rNeg    . . .        (helmet currently unavailable)
rPois   +            (no amulet)
rElec   .            (no ring)
rCorr   .            (no ring)
SInv    .            (no ring)
Will    .....        (no ring)
Stlth   +++          (no ring)
HPRegen 0.32/turn    (no ring)
MPRegen 0.17/turn    (no ring)
                     (no ring)

%: no teleportation
@: tree-form
A: stationary, stasis, torment immunity, boosted hp, almost no armour,
(amphibious), 8 rings, (camouflage 1), (gelatinous body 1), (nimble swimmer 1),
(tentacles)
a: Renounce Religion, Channel Magic


You were in the Dungeon.
You worshipped Sif Muna.
Sif Muna was aware of your devotion.
You were a tree.
You visited 1 branch You collected 486 gold pieces.
You spent 369 gold pieces at shops.

Inventory:

Hand Weapons
 e - a +0 rapier (weapon)
Scrolls
 f - a scroll of blinking
Potions
 a - 2 potions of magic


   Skills:
 + Level 1.0 Fighting
 + Level 6.2 Dodging
 - Level 7.0 Stealth
 + Level 8.2 Spellcasting
 + Level 3.5 Conjurations
 + Level 1.0 Hexes
 * Level 3.2 Summonings
 * Level 3.6 Translocations
 + Level 12.3 Fire Magic
 * Level 3.8 Invocations


You had 10 spell levels left.
You knew the following spells:

 Your Spells              Type           Power      Damage    Failure   Level
a - Foxfire               Conj/Fire      100%       2x1d9     1%          1
b - Scorch                Fire           100%       2d9       1%          2
c - Inner Flame           Hex/Fire       33%        N/A       1%          3
d - Flame Wave            Conj/Fire      37%        2d10      3%          4
e - Summon Small Mammal   Summ           80%        N/A       2%          1
f - Blink                 Tloc           42%        N/A       3%          2

Your spell library contained the following spells:

 Spells                   Type           Power      Damage    Failure   Level
 Apportation              Tloc           42%        N/A       1%          1
 Volatile Blastmotes      Fire/Tloc      76%        2d16      1%          3
 Lesser Beckoning         Tloc           42%        N/A       3%          2
 Momentum Strike          Conj/Tloc      42%        3d9       3%          2
 Necrotise                Necr           28%        1d5       9%          1


Dungeon Overview and Level Annotations

Branches:
Dungeon (1/1)

Altars:
Cheibriados
Dithmenos
Elyvilon
Fedhas
Gozag
Hepliaklqana
Kikubaaqudgha
Makhleb
Nemelex Xobeh
Okawaru
Qazlal
Ru
Sif Muna
Trog
Uskayaw
Vehumet
Wu Jian
Xom
Yredelemnul
Zin
The Shining One
Jiyva
Lugonu

Shops:
D =[:(!*((![?!=:=

Annotations:
D exclusions: ice statue and oklob plant


Innate Abilities, Weirdness & Mutations

You are a tree.
Your roots penetrate the ground, keeping you stationary.
You cannot be teleported.
You are immune to unholy pain and torment.
Your maximum health is greatly increased.
You cannot wear most types of armour.
((You are amphibious.))
You can wear up to eight rings at the same time.
((Your skin changes colour to match your surroundings (Stealth+).))
((Your rubbery body absorbs attacks. (AC +1, EV +1)))
((You are camouflaged when in or above water. (Stealth+)))
((You have tentacles for arms and can constrict up to eight enemies at once.))


Message History

Unknown command.
A wave of flame ripples out!
The flame wave engulfs the polar bear.
The polar bear is severely wounded.
The flame wave engulfs the polar bear!
Sif Muna accepts your kill.
The flame wave engulfs the polar bear but does no damage.
The polar bear is heavily wounded.
The polar bear explodes!
The fiery explosion engulfs the polar bear!!
You kill the polar bear!
Sif Muna accepts your kill. The fiery explosion engulfs you!!
* * * LOW HITPOINT WARNING * * *
The fiery explosion engulfs the polar bear!!
You kill the polar bear!
Sif Muna accepts your kill.
You can now call upon Sif Muna for magical energy.
You are engulfed in blazing flames.
* * * LOW HITPOINT WARNING * * *
Your Fighting skill increases to level 1!
Your Dodging skill increases to level 6!
Your Spellcasting skill gained 2 levels and is now at level 8!
Your Conjurations skill increases to level 3!
Your Hexes skill increases to level 1!
Your Summonings skill gained 3 levels and is now at level 3!
Your Translocations skill gained 3 levels and is now at level 3!
Your Fire Magic skill increases to level 12!
Your Invocations skill gained 3 levels and is now at level 3!
You have reached level 8!
Press: ? - help, v - describe, . - travel An open door.
There is a cloud of flame here.
Unknown command.
You feel much better.
You are engulfed in blazing flames.
* * * LOW HITPOINT WARNING * * *
The hornet is engulfed in a cloud of scalding steam.
The hornet is engulfed in blazing flames.
The hornet stings you but does no damage.
You feel better.
You are engulfed in blazing flames.
You die... .#..# ...# ...# ##▓??!)?!()▓▓ .#.## #..## #..# $#▓$?$$!($)▓▓ #†## .##..# +..# .#▓)()($[?[▓▓ #.##.B$#..# #..# .#▓()!)($:)▓▓ †<.+# +..####..##.#▓!$($!=?$▓▓ #.##B..#....###.c.##▓▓▓▓▓▓▓+▓▓▓▓+ #+# .##......§~~§§§~~~~~~~..─Xw≈ l#l

###~~.....~#y########+###.w≈≈ #
#.#§~~~~~§..~#♣§_.....#S~~# ≈
##~~§~§~§~.~#._._....#S~≈§#
#+##~~~≈≈§~§~~~#_._._...#§§§~≈
~~~~~~§§§≈≈≈~§~#._._._..#§§~≈≈≈
+#+++#§≈≈≈≈≈≈≈~#_._._._.#§~§§§≈
≈≈°≈ ##≈§§###§≈#._._._._#~~§§≈S
≈≈≈≈≈≈##≈≈# #≈≈#_._._._.#~
≈8○≈≈≈≈+§≈# #≈§#..._._._#~
≈≈≈≈≈≈##≈≈≈≈≈§§##########~


You could see a yaktaur and a hornet.

Vanquished Creatures
  3 polar bears (D)
  A vampire mosquito (D)
  Menkaure (D)
  A water moccasin (D)
  4 necrophages (D)
  3 worms (D)
13 creatures vanquished.

Vanquished Creatures (others)
  9 foxfires (D)
  4 tentacles (D)
13 creatures vanquished.

Grand Total: 26 creatures vanquished

Notes
Turn   | Place    | Note
-------+----------+-------------------------------------------
     0 | D        | Conn the Octopode Fire Elementalist began the quest for the
                  | Orb.
     0 | D        | Reached XP level 1. HP: 11/11 MP: 3/3
     1 | D        | Noticed a wyvern
     1 | D        | Noticed a wyvern
     8 | D        | Noticed a necrophage
     8 | D        | Noticed a necrophage
     8 | D        | Noticed a necrophage
     8 | D        | Noticed a necrophage
    13 | D        | Killed a necrophage
    14 | D        | Reached skill level 6 in Fire Magic
    14 | D        | Reached XP level 2. HP: 15/17 MP: 3/6
    14 | D        | Reached XP level 3. HP: 18/21 MP: 4/8
    14 | D        | Reached XP level 4. HP: 24/27 MP: 4/9
    17 | D        | Killed a necrophage
    18 | D        | Reached skill level 7 in Fire Magic
    18 | D        | Reached XP level 5. HP: 28/31 MP: 4/11
    24 | D        | Reached skill level 5 in Stealth
    24 | D        | Reached skill level 8 in Fire Magic
    27 | D        | Reached skill level 5 in Spellcasting
    27 | D        | Reached skill level 9 in Fire Magic
    27 | D        | Reached XP level 6. HP: 26/36 MP: 5/13
    38 | D        | Learned a level 2 spell: Scorch
    42 | D        | Learned a level 3 spell: Inner Flame
    47 | D        | Learned a level 4 spell: Flame Wave
    50 | D        | Noticed a boulder beetle
    50 | D        | Noticed a boulder beetle
   103 | D        | Found Qogaciom's Distillery.
   103 | D        | Found Jyimmobu's Magic Scroll Emporium.
   103 | D        | Found Sisues's Jewellery Emporium.
   103 | D        | Found Polewe's Weapon Shoppe.
   103 | D        | Found Tum Vaduf's Jewellery Emporium.
   103 | D        | Found Xanoda's Antique Armour Shoppe.
   103 | D        | Found Raukhop's Distillery.
   103 | D        | Found Aciut's Book Shoppe.
   103 | D        | Noticed a water moccasin
   104 | D        | Found Puirhuto's Weapon Shoppe.
   104 | D        | Found Ciplos's General Store.
   104 | D        | Noticed a shining eye
   105 | D        | Noticed Menkaure
   107 | D        | Killed a water moccasin
   108 | D        | Reached skill level 5 in Dodging
   108 | D        | Reached skill level 10 in Fire Magic
   113 | D        | Killed Menkaure
   114 | D        | Reached skill level 11 in Fire Magic
   114 | D        | Reached XP level 7. HP: 35/41 MP: 0/16
   114 | D        | Noticed a shining eye
   115 | D        | Found Lifarph's Distillery.
   115 | D        | Found Rumib's Antique Weapon Shoppe.
   115 | D        | Noticed a shining eye
   115 | D        | Noticed an oklob plant
   116 | D        | Found Titusoon's Antique Armour Shoppe.
   116 | D        | Found Akhyck's Book Shoppe.
   116 | D        | Found Durchintu's Jewellery Emporium.
   119 | D        | Noticed a fire dragon
   126 | D        | Bought a book of Spatial Translocations for 198 gold pieces
   126 | D        | Bought a book of Cantrips for 132 gold pieces
   135 | D        | Noticed a cane toad
   137 | D        | Noticed a cane toad
   139 | D        | Bought a potion of lignification for 39 gold pieces
   175 | D        | Noticed a vampire mosquito
   178 | D        | Killed a vampire mosquito
   200 | D        | Noticed an ice statue
   209 | D        | Found a stormy altar of Qazlal.
   209 | D        | Found an ornate altar of the Wu Jian Council.
   210 | D        | Found a hazy altar of Hepliaklqana.
   210 | D        | Found a sacrificial altar of Ru.
   210 | D        | Found a shimmering altar of Xom.
   211 | D        | Found a viscous altar of Jiyva.
   211 | D        | Found a shimmering blue altar of Sif Muna.
   212 | D        | Found a snail-covered altar of Cheibriados.
   212 | D        | Found an ancient bone altar of Kikubaaqudgha.
   212 | D        | Found a bloodstained altar of Trog.
   213 | D        | Found a shadowy altar of Dithmenos.
   213 | D        | Found a corrupted altar of Lugonu.
   214 | D        | Found a white marble altar of Elyvilon.
   214 | D        | Found a burning altar of Makhleb.
   215 | D        | Found a blossoming altar of Fedhas.
   217 | D        | Found an opulent altar of Gozag.
   217 | D        | Found a glowing golden altar of the Shining One.
   217 | D        | Found a basalt altar of Yredelemnul.
   217 | D        | Found a hide-covered altar of Uskayaw.
   217 | D        | Found a sparkling altar of Nemelex Xobeh.
   218 | D        | Found a glowing silver altar of Zin.
   218 | D        | Found a radiant altar of Vehumet.
   218 | D        | Found an iron altar of Okawaru.
   223 | D        | Became a worshipper of Sif Muna the Loreminder
   236 | D        | Noticed a kraken
   244 | D        | Learned a level 1 spell: Summon Small Mammal
   247 | D        | Learned a level 2 spell: Blink
   250 | D        | Noticed a yaktaur
   250 | D        | Noticed a hornet
   250 | D        | Noticed a polar bear
   252 | D        | Noticed a polar bear
   253 | D        | Noticed a polar bear
   264 | D        | Killed a polar bear
   264 | D        | Killed a polar bear
   264 | D        | Killed a polar bear
   264 | D        | Reached * piety under Sif Muna
   265 | D        | Reached skill level 1 in Fighting
   265 | D        | Reached skill level 1 in Hexes
   265 | D        | Reached skill level 12 in Fire Magic
   265 | D        | Reached XP level 8. HP: 11/48 MP: 13/20
   266 | D        | Engulfed by a cloud of flame

Illustrated notes

Levels and vault maps discovered:
D:        the_violet_keep_of_menkaure [sprint2_stairs_cluster_1,
          sprint2_shoproom, sprint2_temple, sprint2_basic_supplies,
          sprint2_obstacle_2, sprint2_obstacle_3, sprint2_obstacle_6,
          sprint2_obstacle_7, sprint2_obstacle_1, sprint2_timed_cluster_1,
          sprint2_smallroom_cluster_1, sprint2_smallroom_final_cluster_1,
          sprint2_transparent_cluster_1, sprint2_second_timed_cluster_1,
          sprint2_sniper_area_1, sprint2_heavy_combat_area_1,
          sprint2_mutation_trap_area_1, sprint2_forest_area_1,
          sprint2_light_combat_area_1, sprint2_behind_water_1,
          sprint2_near_end_vault_1]

Skill      XL: |  1  2  3  4  5  6  7 |
---------------+----------------------+-----
Dodging        | 3 4 5 6 |  6.2
Stealth        | 4 5 6 7 |  7.0
Spellcasting   | 3 4 5 6 8 |  8.2
Fire Magic     | 6 7 9 11 12 | 12.3
Conjurations   | 2 3 |  3.5
Fighting       | 1 |  1.0
Hexes          | 1 |  1.0
Summonings     | 3 |  3.2
Translocations | 3 |  3.6
Invocations    | 3 |  3.8

Action                     |  1- 3 |  4- 6 |  7- 9 || total
---------------------------+-------+-------+-------++-------
  Melee: Unarmed           |     3 |    17 |       ||    20
         Tentacles         |     2 |     6 |       ||     8
         Constrict         |     1 |     6 |       ||     7
   Cast: Foxfire           |       |     6 |     1 ||     7
         Scorch            |       |     2 |     3 ||     5
         Flame Wave        |       |     1 |     2 ||     3
         Summon Small Mamm |       |       |     4 ||     4
         Inner Flame       |       |       |     2 ||     2
    Use: Potion            |     2 |       |     4 ||     6
 Armour: Skin              |       |     1 |    14 ||    15
  Dodge: Dodged            |       |     4 |     4 ||     8

Table legend: (Time is in decaauts)
 A = Elapsed time spent in this place.
 B = Non-inter-level travel time spent in this place.
 C = Inter-level travel time spent in this place.
 D = Time resting spent in this place.
 E = Time spent auto-exploring this place.
 F = Levels seen in this place.
 G = Mean time per level.
                   A        B        C        D        E       F      G
               +--------+--------+--------+--------+--------+-----+--------+
         Total |    257 |    257 |      0 |     12 |      0 |   1 |  257.0 |
       Dungeon |    257 |    257 |      0 |     12 |      0 |   1 |  257.0 |
               +--------+--------+--------+--------+--------+-----+--------+

Top non-repeatable levels by time:
       D: 257 daAuts
